 Dungeon Crawl Stone Soup version 0.30.1-1-g62c8e00024 (webtiles) character file.

Game seed: 16363189805672603594

11189 tkbsonic5 the Destroyer (level 11, -3/68 HPs)
             Began as a Tengu Hedge Wizard on July 4, 2023.
             Was a Follower of Vehumet.
             Slain by a vampire (11 damage)
             ... on level 10 of the Dungeon on July 16, 2023.
             The game lasted 01:45:57 (16107 turns).

tkbsonic5 the Destroyer (Tengu Hedge Wizard)       Turns: 16107, Time: 01:45:57

Health: -3/68      AC:  6    Str: 10    XL:     11   Next: 73%
Magic:  19/19      EV: 16    Int: 26    God:    Vehumet [*.....]
Gold:   172        SH:  0    Dex: 13    Spells: 3/20 levels left

rFire   . . .        g - +1 quick blade (vamp)
rCold   . . .        w - +0 buckler
rNeg    . . .        l - +2 robe {Archmagi} {BARRELIN THROUGH THE MF STREETS}
rPois   +            c - +1 hat
rElec   .            t - +0 cloak
rCorr   .            (no gloves)
SInv    .            (boots unavailable)
Will    .....        z - amulet of reflection
Stlth   +            j - ring of poison resistance
HPRegen 0.31/turn    v - +6 ring of intelligence
MPRegen 0.16/turn

%: reflection, archmagi
@: confused, flying quickly and evasively, hasted, unable to read, very quick
A: beak, talons 3, nimble flight, robust 1, inability to read after injury 1
a: Renounce Religion


You were on level 10 of the Dungeon.
You worshipped Vehumet.
Vehumet was aware of your devotion.
You visited 2 branches of the dungeon, and saw 12 of its levels.

You collected 638 gold pieces.
You spent 466 gold pieces at shops.

Inventory:

Hand Weapons
 g - a +1 vampiric quick blade (weapon)
Missiles
 m - 18 boomerangs
 n - 7 poisoned darts
 x - an atropa-tipped dart
 y - a throwing net
Armour
 b - a +0 robe
 c - a +1 hat (worn)
 e - a +0 helmet
 l - a +2 robe of the Archmagi (worn) {BARRELIN THROUGH THE MF STREETS}
 t - a +0 cloak (worn)
 w - a +0 buckler (worn)
Magical Staves
 F - a staff of air
 G - a staff of cold
Jewellery
 j - a ring of poison resistance (left hand)
 k - a ring of fire
 v - a +6 ring of intelligence (right hand)
 z - an amulet of reflection (around neck)
 B - an amulet of guardian spirit
Wands
 h - a wand of flame (5)
 i - a wand of polymorph (1)
Scrolls
 s - a scroll of teleportation
Potions
 d - a potion of haste


   Skills:
 - Level 4.7 Fighting
 * Level 5.1 Short Blades
 - Level 1.0(2.4) Maces & Flails
 - Level 3.4(3.5) Staves
 + Level 2.1 Throwing
 - Level 2.9 Armour
 - Level 6.2 Dodging
 + Level 4.2 Stealth
 - Level 1.4 Shields
 * Level 5.0 Spellcasting
 * Level 8.6 Conjurations
 - Level 4.5 Summonings
 - Level 2.8 Necromancy
 + Level 2.3 Translocations
 * Level 4.6 Ice Magic
 * Level 7.5 Air Magic
 + Level 3.4 Earth Magic
 + Level 5.2 Poison Magic
 - Level 2.2 Evocations


You had 3 spell levels left.
You knew the following spells:

 Your Spells              Type           Power      Damage    Failure   Level
a - Vhi's Electric Charg  Tloc/Air       96%        N/A       4%          3
b - Blink                 Tloc           56%        N/A       6%          2
c - Call Imp              Summ           90%        N/A       2%          2
d - Stone Arrow           Conj/Erth      100%       3d13      2%          3
e - Mephitic Cloud        Conj/Pois/Air  60%        N/A       1%          3
f - Hailstorm             Conj/Ice       58%        3d13      2%          3
g - Freeze                Ice            100%       1d10      1%          1

Your spell library contained the following spells:

 Spells                   Type           Power      Damage    Failure   Level
 Kiss of Death            Conj/Necr      100%       2d13      1%          1
 Magic Dart               Conj           100%       1d8       1%          1
 Cigotuvi's Dreadful Rot  Necr/Pois/Air  100%       N/A       1%          2
 Sandblast                Erth           72%        2d16      2%          1
 Frozen Ramparts          Ice            90%        1d14      4%          3
 Passwall                 Tmut/Erth      19%        N/A       9%          2
 Slow                     Hex            36%        N/A       11%         1
 Arcjolt                  Conj/Air       32%        1d42      11%         5
 Passage of Golubria      Tloc           28%        N/A       38%         4
 Silence                  Hex/Air        19%        N/A       54%         5
 Lehudib's Crystal Spear  Conj/Erth      27%        10d7      100%        8
 Maxwell's Capacitive Co  Air            31%        ∞         100%        8


Dungeon Overview and Level Annotations

Branches:
Dungeon (11/15)            Temple (1/1) D:5            Lair (0/5) D:9
    Orc: D:9-12

Altars:
Ashenzari
Dithmenos
Elyvilon
Fedhas
Gozag
Hepliaklqana
Kikubaaqudgha
Makhleb
Nemelex Xobeh
Okawaru
Qazlal
Ru
Sif Muna
Trog
Uskayaw
Vehumet
Wu Jian
Xom
Yredelemnul
The Shining One

Shops:
D:10 (

Portals:
Bazaar: D:11

Annotations:
D:4 Ijyb
D:9 exclusion: orange crystal statue


Innate Abilities, Weirdness & Mutations

You have a beak for a mouth.
You have claws for feet.
Your magical nature lets you fly swiftly and evasively.
You are robust. (+10% HP)
You occasionally lose the ability to read scrolls when taking damage.


Message History

You barely miss the vampire. Your kick misses the vampire.
Your peck misses the vampire.
The vampire is moderately damaged.
You hit the vampire but do no damage. You claw the vampire!
The vampire is heavily damaged.
You hit the vampire but do no damage. Your kick misses the vampire.
The vampire is heavily damaged.
The vampire gestures at you while chanting.
You are confused.
You are more confused.
You feel invigorated. The vampire hits you. The vampire bites you!
The vampire draws strength from your injuries!
The vampire hits you!
* * * LOW HITPOINT WARNING * * *
The vampire bites you.
* * * LOW HITPOINT WARNING * * *
The vampire draws strength from your injuries!
The vampire hits you!
* * * LOW HITPOINT WARNING * * *
The vampire closely misses you. The vampire hits you.
* * * LOW HITPOINT WARNING * * *
The vampire bites you but does no damage.
The vampire barely misses you. The vampire bites you.
* * * LOW HITPOINT WARNING * * *
The vampire draws strength from your injuries!
Okay, then.
You feel less invigorated.
You bump into the rock wall.
You bump into the rock wall.
The vampire gestures wildly while chanting.
The vampire flickers and vanishes!
Deactivating autopickup; reactivate with Ctrl-A.
You hit something but do no damage. You claw something.
You're too confused to move!
Something hits you!
* * * LOW HITPOINT WARNING * * *
Something bites you!
You feel threatened and lose the ability to read scrolls!
You die...

...# #................#
...# #..########.######
...# #.[#......#.# ...#
#..#...[..'.#
...######..#..)...#.#
....[......#......#.#
'#.........#..>...#.#
.#...#####.#......#.#
.#...#...#.#....@.#.#
.#...#...#.#......#.#
##...'...#.#......'.######
#....#####.#......#......#
#..........#......#.).)..#
#..........########..#####
#....................#
.....................#
.##'###..............#


There were no monsters in sight!

Vanquished Creatures
  An ugly thing (D:11)
  10 centaur zombies (D:10)
  4 hornets
  Grinder (D:3)
  Sigmund (D:5)
  Eustachio (D:5)
  2 shadows
  A wyvern (D:11)
  6 yaks
  3 wraiths
  2 swamp worms (D:11)
  6 water moccasins
  An acid dragon (D:10)
  Duvessa (D:7)
  5 orc warriors
  4 ice beasts
  3 black bears
  A sky beast (D:7)
  An ogre (D:7)
  5 centaurs
  Blork the orc (D:5)
  A gnoll sergeant (D:8)
  4 bullfrogs
  5 scorpions
  4 wights (D:10)
  Dowan (D:7)
  7 killer bees (D:10)
  5 hounds
  5 orc priests
  Crazy Yiuf (D:3)
  Terence (D:2)
  4 orc wizards
  A howler monkey zombie (D:10)
  Robin (D:3)
  9 gnolls
  7 adders
  A shadow imp (D:7)
  2 ufetubi
  2 worms
  2 dart slugs
  31 orcs
  5 ball pythons
  2 bats
  3 endoplasms
  3 giant cockroaches
  15 goblins
  10 hobgoblins
  11 jackals
  13 kobolds
  7 quokkas
  6 rats
229 creatures vanquished.

Vanquished Creatures (collateral kills)
  A shadow (D:10)
  A centaur (D:11)
  An adder (D:2)
  10 orcs
  2 endoplasms
  A goblin (D:3)
  A hobgoblin (D:3)
  A jackal (D:1)
  A frilled lizard (D:1)
  A kobold (D:3)
20 creatures vanquished.

Grand Total: 249 creatures vanquished

Notes
Turn   | Place    | Note
-------+----------+-------------------------------------------
     0 | D:1      | tkbsonic5 the Tengu Hedge Wizard began the quest for the
                  | Orb.
     0 | D:1      | Reached XP level 1. HP: 10/10 MP: 5/5
    49 | D:1      | Reached skill level 2 in Conjurations
   190 | D:1      | Reached XP level 2. HP: 15/15 MP: 1/7
   249 | D:1      | Learned a level 2 spell: Blink
   252 | D:1      | Learned a level 2 spell: Call Imp
   255 | D:1      | Learned a level 2 spell: Cigotuvi's Dreadful Rot
   560 | D:1      | Reached skill level 3 in Conjurations
   560 | D:1      | Reached XP level 3. HP: 19/19 MP: 4/8
   682 | D:1      | Reached skill level 1 in Air Magic
   952 | D:1      | Reached skill level 1 in Translocations
  1467 | D:2      | Reached XP level 4. HP: 24/24 MP: 1/9
  1866 | D:2      | Noticed Terence
  1900 | D:2      | Found a faded altar of an unknown god.
  2476 | D:2      | Reached skill level 1 in Necromancy
  3321 | D:2      | Reached skill level 1 in Poison Magic
  3646 | D:2      | Killed Terence
  3647 | D:2      | Gained mutation: Your magical nature lets you fly swiftly
                  | and evasively. [Tengu growth]
  3647 | D:2      | Reached XP level 5. HP: 13/18 MP: 0/10
  3828 | D:2      | Learned a level 3 spell: Mephitic Cloud
  3998 | D:3      | Noticed Grinder
  4020 | D:3      | Gained mutation: You occasionally lose the ability to read
                  | scrolls when taking damage. [potion of mutation]
  4020 | D:3      | Gained mutation: You are robust. (+10% HP) [potion of
                  | mutation]
  4024 | D:3      | Killed Grinder
  4025 | D:3      | Reached skill level 4 in Conjurations
  4025 | D:3      | Reached XP level 6. HP: 12/35 MP: 1/12
  4695 | D:3      | Found a runed translucent door.
  4696 | D:3      | Noticed Crazy Yiuf
  5368 | D:3      | Identified the +5 helmet of Goarch {Contam Dex+5}
  5368 | D:3      | Noticed Robin
  5390 | D:3      | Killed Robin
  5807 | D:4      | Found an opulent altar of Gozag.
  5822 | D:4      | Found an ancient bone altar of Kikubaaqudgha.
  6085 | D:3      | Killed Crazy Yiuf
  6086 | D:3      | Reached XP level 7. HP: 38/39 MP: 1/13
  6195 | D:3      | Learned a level 3 spell: Hailstorm
  6236 | D:4      | Noticed Ijyb
  6486 | D:4      | Reached skill level 5 in Conjurations
  6724 | D:4      | Reached skill level 1 in Fighting
  6724 | D:4      | Reached skill level 1 in Short Blades
  6727 | D:4      | Reached skill level 1 in Ice Magic
  7056 | D:5      | Entered Level 5 of the Dungeon
  7221 | D:5      | Found a bloodstained altar of Trog.
  7225 | D:5      | Noticed Blork the orc
  7254 | D:5      | Killed Blork the orc
  7255 | D:5      | Reached XP level 8. HP: 44/47 MP: 4/14
  7468 | D:5      | Found a staircase to the Ecumenical Temple.
  7484 | D:4      | Learned a level 3 spell: Stone Arrow
  7524 | D:5      | Noticed Sigmund
  7527 | D:5      | Killed Sigmund
  8342 | D:5      | Reached skill level 1 in Armour
  8342 | D:5      | Reached skill level 6 in Conjurations
  8454 | D:5      | Noticed Eustachio
  8465 | D:5      | Killed Eustachio
  8466 | D:5      | Reached skill level 5 in Air Magic
  8466 | D:5      | Reached skill level 1 in Earth Magic
  8466 | D:5      | Reached skill level 1 in Evocations
  8466 | D:5      | Reached XP level 9. HP: 53/53 MP: 0/15
  9407 | D:6      | Found an ornate altar of the Wu Jian Council.
  9413 | D:6      | Reached skill level 1 in Throwing
  9413 | D:6      | Reached skill level 1 in Shields
  9493 | D:6      | You are sucked into a shaft and drop 1 floor!
  9574 | D:7      | Noticed a hornet
  9581 | D:7      | Killed a hornet
  9581 | D:7      | Noticed Duvessa
  9582 | D:7      | Identified a scroll of acquirement
  9582 | D:7      | Acquired a staff of air
  9603 | D:7      | Noticed Dowan
  9609 | D:7      | Killed Duvessa
  9615 | D:7      | Killed Dowan
  9900 | D:7      | Reached skill level 1 in Staves
 10203 | D:7      | Found a stormy altar of Qazlal.
 10411 | D:8      | Reached XP level 10. HP: 36/61 MP: 2/17
 10415 | D:8      | Reached skill level 7 in Conjurations
 10669 | D:8      | Found a flagged portal.
 11275 | D:9      | Reached skill level 5 in Dodging
 11314 | D:9      | Found a white marble altar of Elyvilon.
 11380 | D:9      | Found a hazy altar of Hepliaklqana.
 11518 | D:9      | Acquired a +1 vampiric quick blade
 11793 | D:9      | Found a staircase to the Lair.
 11960 | D:9      | Noticed an orange crystal statue
 12449 | D:10     | Entered Level 10 of the Dungeon
 12672 | D:10     | Upgraded the game from 0.30.1 to 0.30.1-1-g62c8e00024
 12902 | D:10     | Found a shadowy altar of Dithmenos.
 13156 | Temple   | Entered the Ecumenical Temple
 13174 | Temple   | Became a worshipper of Vehumet
 13181 | Temple   | Learned a level 3 spell: Vhi's Electric Charge
 13183 | Temple   | Learned a level 1 spell: Freeze
 13529 | D:10     | Reached XP level 11. HP: 67/67 MP: 4/18
 13621 | D:10     | Found an iron altar of Okawaru.
 13877 | D:10     | Reached skill level 8 in Conjurations
 14400 | D:10     | Reached skill level 5 in Poison Magic
 14650 | D:10     | Found a basalt altar of Yredelemnul.
 14669 | D:10     | Found Baceade's Weapon Shop.
 14677 | D:10     | Bought a +5 flail of holy wrath for 466 gold pieces
 15313 | D:11     | Found a flickering gateway to a bazaar.
 15327 | D:11     | Reached * piety under Vehumet
 15327 | D:11     | Offered knowledge of Kiss of Death by Vehumet.
 15395 | D:11     | Reached skill level 5 in Short Blades
 15609 | D:11     | Noticed a green ugly thing
 15625 | D:11     | Killed a green ugly thing
 15626 | D:11     | Reached skill level 1 in Maces & Flails
 15626 | D:11     | Reached skill level 5 in Spellcasting
 16107 | D:10     | Slain by a vampire

Illustrated notes

Levels and vault maps discovered:
D:1:      zelgadis_glass_arrival_small, layout_basic
D:2:      layout_basic, chequers_ecumenical_altar_island, uniq_terence
D:3:      layout_basic, uniq_grinder, uniq_robin, uniq_crazy_yiuf_cottage
D:4:      layout_gridville, mainiacjoe_overflow_big_doors,
          minmay_divided_ellipse, uniq_ijyb
D:5:      layout_loops_corners, trog_three_pillars_becter,
          minmay_temple_entry_tees, uniq_sigmund, uniq_eustachio,
          uniq_blork_the_orc
D:6:      layout_loops_ring, mainiacjoe_overflow_chevrons
D:7:      layout_rooms, grunt_qazlal_sundering, uniq_duvessa
D:8:      layout_gridville, enter_bailey_3
D:9:      layout_basic, mainiacjoe_overflow_catwalk_spiral,
          due_lair_maze_entry_diamond, minivault_16
D:10:     layout_irregular_city, grunt_dithmenos_shadows, marbit_many_paths,
          nicolae_yredelemnul_corpse_copse, serial_shops, shop
D:11:     layout_rooms, serial_shops, bzr_entry_water, worms_lemuel
Temple:   nicolae_temple_x_marks_the_god

Skill      XL: |  1  2  3  4  5  6  7  8  9 10 11 |
---------------+----------------------------------+-----
Conjurations   | 2 3 4 5 6 7 8 |  8.6
Air Magic      | 1 2 3 4 5 6 7 |  7.5
Summonings     | 2 3 4 |  4.5
Translocations | 1 2 |  2.3
Necromancy     | 1 2 |  2.8
Poison Magic   | 1 2 3 4 5 |  5.2
Fighting       | 1 2 3 4 |  4.7
Short Blades   | 1 2 3 4 5 |  5.1
Ice Magic      | 1 2 3 4 |  4.6
Dodging        | 3 4 5 6 |  6.2
Armour         | 1 2 |  2.9
Earth Magic    | 1 2 3 |  3.4
Evocations     | 1 2 |  2.2
Throwing       | 1 2 |  2.1
Shields        | 1 |  1.4
Staves         | 2 3 |  3.4
Spellcasting   | 4 5 |  5.0
Stealth        | 3 4 |  4.2
Maces & Flails | 1 |  1.0

Action                     |  1- 3 |  4- 6 |  7- 9 | 10-12 || total
---------------------------+-------+-------+-------+-------++-------
  Melee: Dagger            |     1 |     6 |   102 |       ||   109
         Short sword       |     5 |       |       |       ||     5
         Mace              |     2 |     4 |       |       ||     6
         Kick              |     1 |     7 |    40 |    52 ||   100
         Whip              |       |     6 |       |       ||     6
         Peck              |       |     2 |    17 |    29 ||    48
         Quarterstaff      |       |       |     9 |     6 ||    15
         Staff             |       |       |     7 |    58 ||    65
         Rapier            |       |       |     7 |    21 ||    28
         Quick blade       |       |       |       |    30 ||    30
         Flail             |       |       |       |     6 ||     6
  Throw: Boomerang         |       |    10 |     3 |    21 ||    34
         Dart              |       |     3 |    24 |     1 ||    28
         Throwing net      |       |       |       |     1 ||     1
   Cast: Magic Dart        |    64 |   125 |    31 |       ||   220
         Call Imp          |    10 |    42 |    10 |    15 ||    77
         Cigotuvi's Dreadf |       |     8 |     1 |       ||     9
         Blink             |       |     6 |     4 |    10 ||    20
         Mephitic Cloud    |       |     8 |    10 |     7 ||    25
         Stone Arrow       |       |       |    47 |    73 ||   120
         Hailstorm         |       |       |     9 |    41 ||    50
         Vhi's Electric Ch |       |       |       |     5 ||     5
  Evoke: Wand              |       |       |       |     6 ||     6
    Use: Scroll            |     3 |    10 |    12 |    11 ||    36
         Potion            |     1 |     8 |     6 |     9 ||    24
   Stab: Confused          |       |     1 |     2 |     1 ||     4
         Sleeping          |       |       |     1 |       ||     1
         Paralysed         |       |       |       |     5 ||     5
 Armour: Robe              |     7 |    32 |    24 |    57 ||   120
         Skin              |       |     3 |       |       ||     3
  Dodge: Dodged            |    23 |    72 |    82 |   158 ||   335
  Block: Buckler           |       |       |    18 |    36 ||    54
         Other             |       |       |       |    24 ||    24
         Reflection        |       |       |       |     7 ||     7
